AoeStats
← 先督瑞拉

Arena

509587215Analyzed
4v4 RM · 3d ago on Sep 27, 2026· 53m 39s· 8 players
Game mode
Random Map
Map size
Large (8 player)
Population
200
Speed
Normal
Resources
Standard
Victory
Conquest
Starting age
Dark Age
Ending age
Imperial Age
RankedLock teamsTeams togetherTeam positionsShared explorationLock speedFull tech treeHidden civsTurbo modeCheats
Victory
Defeat
🇹🇼 Hindustanis · Taiwan
1376
+12
🇭🇰 Danes · Hong Kong SAR China
1371
+12
🇦🇷 Varangians · Argentina
1262
+16
1190
+19
🇨🇳 Franks · China
1314
-16
🇺🇸 Slavs · United States
1292
-16
🇻🇳 Khitans · Vietnam
1250
-14
🇵🇱 Muisca · Poland
1225
-13
onion
10:14 Feudal Age
11:52 Loom
14:19 Castle Age
13:57 Double-Bit Axe
14:01 Horse Collar
14:30 Town Watch
20:23 Bow Saw
23:24 Sanctity
28:03 Wheelbarrow
32:16 Imperial Age
30:07 Hand Cart
29:49 Pikeman
30:29 Squires
30:42 Forging
30:32 Scale Mail Armor
30:45 Fortified Wall
31:34 Masonry
31:37 Gold Mining
33:20 Conscription
33:18 Chain Mail Armor
33:39 Iron Casting
34:21 Druzhina
35:01 Halberdier
36:16 Onager
37:22 Ballistics
38:25 Capped Ram
39:38 Plate Mail Armor
40:45 Blast Furnace
41:20 Chemistry
40:54 Siege Ram
42:34 Siege Engineers
46:08 Two-Man Saw
45:46 Heavy Plow
45:25 Siege Onager
先督瑞拉
9:55 Feudal Age
10:51 Double-Bit Axe
13:43 Castle Age
14:49 Bow Saw
20:51 Wheelbarrow
22:42 Gold Mining
27:05 Imperial Age
24:44 Stone Mining
25:40 Scale Barding Armor
25:45 Forging
26:37 Husbandry
26:59 Chain Barding Armor
27:29 Gold Shaft Mining
27:46 Hand Cart
27:16 Loom
27:16 Town Watch
27:06 Cavalier
28:04 Chivalry
28:25 Conscription
28:31 Conscription
29:29 Plate Barding Armor
30:56 Iron Casting
31:01 Paladin
31:46 Pikeman
32:26 Squires
32:29 Scale Mail Armor
33:34 Blast Furnace
32:27 Halberdier
33:38 Scale Mail Armor
35:33 Chain Mail Armor
36:48 Plate Mail Armor
36:53 Coinage
36:23 Caravan
36:27 Arson
39:57 Fletching
40:38 Bodkin Arrow
I Raided Riley
4:48 Loom
10:47 Feudal Age
14:44 Castle Age
13:26 Double-Bit Axe
13:24 Horse Collar
18:53 Town Watch
19:46 Wheelbarrow
28:24 Hand Cart
27:54 Loom
28:59 Heavy Plow
29:12 Bow Saw
33:11 Gold Mining
33:19 Gold Mining
39:48 Imperial Age
37:33 Squires
37:58 Forging
37:49 Scale Mail Armor
41:40 Imperial Age
39:06 Fletching
39:56 Iron Casting
39:36 Chain Mail Armor
40:21 Fletching
Lucky_Bois_VN
10:24 Feudal Age
14:51 Castle Age
13:03 Double-Bit Axe
13:23 Domestication
15:58 Bow Saw
20:21 Loom
21:10 Husbandry
22:21 Fletching
22:47 Padded Archer Armor
22:32 Heavy Cavalry Archer
23:48 Bodkin Arrow
24:58 Thumb Ring
25:50 Leather Archer Armor
26:02 Ballistics
27:06 Wheelbarrow
27:23 Gold Mining
28:32 Town Watch
29:17 Pastoralism
31:48 Imperial Age
30:52 Hand Cart
31:44 Coinage
31:50 Stone Mining
32:29 Scale Mail Armor
32:40 Forging
31:53 Pikeman
32:34 Squires
32:20 Gambesons
32:38 Bracer
33:41 Chemistry
33:48 Ring Archer Armor
34:30 Banking
35:04 Two-Man Saw
35:15 Parthian Tactics
36:11 Guilds
37:29 Masonry
37:25 Siege Engineers
37:01 Treadmill Crane
38:19 Transhumance
39:00 Scale Barding Armor
39:13 Chain Mail Armor
39:34 Iron Casting
39:08 Capped Ram
40:20 Conscription
40:06 Ordo Cavalry
40:31 Light Cavalry
41:17 Scale Barding Armor
41:17 Hussar
42:47 Chain Barding Armor
六百公斤大肥豬
11:44 Feudal Age
13:05 Double-Bit Axe
13:08 Horse Collar
16:16 Castle Age
15:59 Loom
16:39 Scale Mail Armor
18:29 Chain Mail Armor
18:13 Arson
19:28 Bow Saw
25:16 Squires
25:44 Hamask
29:08 Forging
33:30 Stone Mining
38:45 Imperial Age
36:50 Wheelbarrow
37:42 Gold Mining
38:28 Stone Shaft Mining
37:56 Heavy Plow
38:37 Iron Casting
38:57 Onager
40:37 Hand Cart
40:07 Town Watch
41:19 Gold Shaft Mining
40:33 Siege Onager
41:55 Siege Engineers
41:26 Capped Ram
42:55 Northmen's Fury
42:58 Siege Ram
44:15 Elite Varangian Guard
44:41 Gambesons
45:37 Plate Mail Armor
46:07 Blast Furnace
49:53 Town Patrol
家豪豪
11:44 Feudal Age
13:08 Double-Bit Axe
13:11 Horse Collar
16:06 Castle Age
17:38 Bow Saw
17:30 Heavy Plow
18:37 Wheelbarrow
24:35 Gold Mining
24:35 Stone Mining
25:26 Hand Cart
25:33 Hand Cart
25:56 Loom
29:02 Imperial Age
26:26 Loom
27:36 Gold Shaft Mining
26:53 Stone Mining
28:07 Forging
28:03 Scale Barding Armor
28:57 Bloodlines
28:47 Husbandry
29:19 Town Watch
29:23 Heavy Camel Rider
30:34 Conscription
30:51 Hoardings
30:20 Grand Trunk Road
31:20 Iron Casting
31:02 Imperial Camel Rider
33:51 Blast Furnace
34:34 Two-Man Saw
34:46 Chain Barding Armor
35:13 Stone Shaft Mining
35:00 Shatagni
36:12 Chemistry
36:09 Town Patrol
40:36 Plate Barding Armor
40:03 Padded Archer Armor
44:08 Caravan
47:58 Coinage
47:02 Elite Ghulam
48:18 Scale Mail Armor
48:33 Leather Archer Armor
50:31 Chain Mail Armor
50:18 Squires
50:03 Arson
53:24 Banking
54:16 Ring Archer Armor
Nightmare
10:01 Feudal Age
13:37 Castle Age
11:38 Double-Bit Axe
11:51 Horse Collar
14:29 Bow Saw
14:21 Heavy Plow
22:23 Wheelbarrow
25:17 Hand Cart
25:52 Town Watch
29:54 Imperial Age
27:39 Forging
28:00 Gold Mining
28:00 Stone Mining
28:25 Scale Mail Armor
28:34 Scale Barding Armor
29:58 Iron Casting
30:02 Stone Shaft Mining
31:43 Conscription
31:42 Bloodlines
31:32 Husbandry
32:52 Blast Furnace
31:53 Elite Jarl
33:26 Chain Barding Armor
33:15 Fletching
35:26 Plate Barding Armor
35:55 Siege Engineers
36:52 Chemistry
36:28 Bodkin Arrow
36:29 Loom
37:08 Capped Ram
38:28 Siege Ram
41:54 Ballistics
41:15 Treadmill Crane
41:30 Murder Holes
41:46 Masonry
41:37 Bracer
44:02 Guilds
44:53 Two-Man Saw
44:23 Crop Rotation
44:05 Town Patrol
44:40 Caravan
45:33 Gothikon
45:33 Vendel Legacy
48:25 Coinage
53:57 Architecture
53:28 Padded Archer Armor
我知道你很急 但我不急
11:06 Feudal Age
16:17 Castle Age
14:25 Double-Bit Axe
14:25 Domestication
18:24 Bow Saw
20:43 Pastoralism
23:04 Wheelbarrow
22:28 Gold Mining
24:17 Loom
24:47 Hand Cart
26:22 Scale Barding Armor
30:09 Imperial Age
27:23 Treadmill Crane
27:53 Fortified Wall
28:29 Stone Mining
29:09 Scale Barding Armor
29:14 Forging
30:03 Husbandry
30:45 Chain Barding Armor
31:57 Iron Casting
31:31 Elite Steppe Lancer
33:50 Two-Man Saw
33:27 Transhumance
35:14 Plate Barding Armor
35:29 Conscription
35:15 Ordo Cavalry
49:48 Elite Liao Dao
50:29 Scale Mail Armor
50:37 Gambesons
50:52 Squires
50:38 Arson
51:23 Lamellar Armor
51:30 Lamellar Armor
52:38 Chain Mail Armor
Connection lost

Rejoining the realm…

Still unreachable

The connection could not be restored.

Session expired

The server has moved on; the page needs a fresh start.